wizbiz, neutral female human Wizard -------------- |.............# ----- | |..........[.|## ....| |...... ###### ------------.-# |!.$| | # ##### +... ### # # -.- # ########### # @ ###########----.-------- # #r# --------------- # %-...........| # # |.............+######## # |...........| # # |.............| # # | ............| ######## |)............| ### . |...........| #---+-.--- |..........<...##########....| ------------- #........| +.............| ...| |.......| --------------- ..| |.......| --- --------- wizbiz the Conjurer Experience level: 4 Strength: 9 Dexterity: 16 Constitution: 12 Intelligence: 18 Wisdom: 9 Charisma: 11 Health: 0(29) Energy: 29(46) Def: 6 Gold: 228 Moves: 1878 Dungeon seed: f9w_wEW1HcFsC0PL Game ID: wizbiz_1526073797 Your Inventory: Coins $ - 228 gold pieces Weapons a - a blessed +1 quarterstaff (weapon in hands) x - a +0 elven dagger Armor e - an uncursed +0 cloak of magic resistance (being worn) n - an uncursed +0 cloak of invisibility r - an uncursed +0 elven mithril-coat (being worn) Scrolls h - a blessed scroll of magic mapping i - an uncursed scroll of punishment j - an uncursed scroll of identify s - an uncursed scroll of confuse monster y - an uncursed scroll of taming Spellbooks k - a blessed spellbook of force bolt l - an uncursed spellbook of slow monster Potions f - an uncursed potion of water g - 2 uncursed potions of blindness p - an uncursed potion of invisibility B - an uncursed potion of gain ability Rings c - an uncursed +1 ring of increase accuracy d - an uncursed ring of teleport control z - an uncursed ring of shock resistance A - a cursed ring of hunger Wands b - a wand of light (0:12) Tools m - a magic marker (0:86) Spells and supernatural/magical abilities: Name Level Category Fail Memory a - force bolt 1 attack 40% 91% s - slow monster 2 enchantment 40% 91% W - pray for help -- divine ? -- Your skills at the end: Fighting Skills Weapon Skills quarterstaff [Basic] Spellcasting Skills attack spells [Basic] enchantment spells [Basic] Final Attributes: You were piously aligned. You were magic-protected. You are dead. Vanquished creatures: a kitten a giant bat 3 orc zombies a werejackal a hobbit 3 manes 5 giant rats a cave spider 2 geckos 5 jackals a fox a kobold a goblin 2 sewer rats a lichen a kobold zombie 4 newts 34 creatures vanquished. Voluntary challenges: You used a wielded weapon 28 times, starting on turn 36. You read items or engraved 1 time, starting on turn 1304. You never genocided any monsters. You never polymorphed an object. You never changed form. You used no wishes. You never split a pudding. You never wrote Elbereth's name. You never violated your personal moral code. Dungeon overview: The Dungeons of Doom: levels 1 to 5 Level 1 an altar to Anhur a long staircase Level 2 a fountain stairs to The Gnomish Mines Level 3 an altar to Ptah Level 4 a fountain Level 5 <- You were here a fountain The Gnomish Mines: Level 3 stairs to The Dungeons of Doom History has recorded: On T:1 you entered the Dungeons of Doom to retrieve the Amulet of Yendor! On T:225 you reached level 2 of The Dungeons of Doom. On T:504 you reached level 1 of The Gnomish Mines. On T:524 you advanced to experience level 2. On T:600 you reached level 3 of The Dungeons of Doom. On T:1051 you reached level 4 of The Dungeons of Doom. On T:1379 you advanced to experience level 3. On T:1614 you reached level 5 of The Dungeons of Doom. On T:1876 you advanced to experience level 4. Score breakdown: Gold: 228 ( 8027 points) Experience: 4 levels ( 9649 points) Exploration: 5 levels ( 9.43%) ( 8320 points) Discoveries: 1 item ( 0.35%) ( 1767 points) Valuables value: (no points given unless you survive) Artifact value: 0 ( 0 points) Variety of kills: 17 monsters ( 4.46%) ( 6336 points) Turncount: 1878 turns ( 0 points) Survival: died (score multiplied by 80%) Total score: 27279 Latest messages: You stop exploring. Spell canceled. The spell misses the giant rat. The spell hits the giant rat! You kill the giant rat! Wait! There's something there you can't see! The cave spider misses. You miss the cave spider. The cave spider misses. You kill the cave spider! You kill the sewer rat! Welcome to experience level 4. You see here a giant rat corpse. The rabid rat bites! The rabid rat's bite was poisoned! You fail to cast the spell correctly. The rabid rat bites! You die... Final status: Goodbye wizbiz the Wizard, killed by a rabid rat... You died in The Dungeons of Doom on dungeon level 5 with 27279 points, and 228 pieces of gold, after 1878 moves. You were level 4 with a maximum of 29 hit points when you died.